 Dungeon Crawl Stone Soup version 0.31-a0-1165-g196b491b36 (webtiles) character file.

Game seed: 10230720206567604227

39291 Curundu the Impaler (level 13, -2/117 HPs)
             Began as a Minotaur Berserker on Dec 9, 2023.
             Was a High Priest of Trog.
             Killed from afar by a frost giant (14 damage)
             ... with a bolt of cold
             ... on level 1 of the Depths.
             The game lasted 01:20:12 (16015 turns).

Curundu the Impaler (Minotaur Berserker)           Turns: 16015, Time: 01:20:12

Health: -2/117     AC: 22    Str: 39    XL:     13   Next: 68%
Magic:  6/12       EV: 28    Int:  4    God:    Trog [*****.]
Gold:   797        SH: 13    Dex: 14    Spells: 12/12 levels left

rFire   + . .        A - +8 trident of the Philosopher {flame, Str+2 Dex+2}
rCold   + . .        c - +0 tower shield
rNeg    . . .        m - +6 scale mail {rC+}
rPois   .            N - +2 hat "Doqit" {rF+ Will++ Slay+2}
rElec   .            V - +0 cloak
rCorr   .            R - +0 pair of gloves
SInv    .            J - +0 pair of boots
Will    ++++.        C - amulet of the acrobat
Stlth   +            M - +6 ring of strength
HPRegen 1.39/turn    D - +6 ring of strength
MPRegen 0.13/turn

%: acrobat
@: strong-willed (expiring), acrobatic, regenerating (expiring), hasted, very
quick
A: horns 2, retaliatory headbutt
a: Renounce Religion, Berserk, Trog's Hand, Brothers in Arms


You were on level 1 of the Depths.
You worshipped Trog.
Trog was extremely pleased with you.
You visited 2 branches of the dungeon, and saw 16 of its levels.

You collected 941 gold pieces.
You spent 144 gold pieces at shops.

Inventory:

Hand Weapons
 A - the +8 trident of the Philosopher (weapon) {flame, Str+2 Dex+2}
   (You found it on level 4 of the Dungeon)

   Str+2:     It affects your strength (+2).
   Dex+2:     It affects your dexterity (+2).
 S - the +8 dagger "Vypufyni" {holy, rElec rF++}
   (You found it on level 11 of the Dungeon)

   rF++:      It greatly protects you from fire.
   rElec:     It insulates you from electricity.
Missiles
 i - a throwing net
 n - 14 poisoned darts
 y - 2 javelins
 z - 8 boomerangs
 Q - 4 curare-tipped darts
Armour
 c - a +0 tower shield (worn)
 m - a +6 scale mail of cold resistance (worn)
 J - a +0 pair of boots (worn)
 N - the +2 hat "Doqit" (worn) {rF+ Will++ Slay+2}
   (You acquired it on level 11 of the Dungeon)

   Slay+2:    It affects your accuracy & damage with ranged weapons and melee
   (+2).
   rF+:       It protects you from fire.
   Will++:    It greatly increases your willpower.
 R - a +0 pair of gloves (worn)
 V - a +0 cloak (worn)
 W - a +2 buckler of poison resistance
Magical Staves
 h - a staff of poison
 w - a staff of earth
Jewellery
 g - a +5 ring of evasion
 o - a ring of fire
 C - an amulet of the acrobat (around neck)
 D - a +6 ring of strength (right hand)
 K - an amulet of regeneration
 M - a +6 ring of strength (left hand)
 O - a ring of poison resistance
 T - a ring of see invisible
Wands
 x - a wand of flame (28)
 H - a wand of digging (8)
Scrolls
 j - 3 scrolls of enchant weapon
 p - 10 scrolls of teleportation
 q - 5 scrolls of blinking
 s - 2 scrolls of identify
 t - a scroll of brand weapon
 B - 2 scrolls of noise
 E - a scroll of revelation
 F - a scroll of torment
 G - a scroll of poison
 I - a scroll of fog
 U - 2 scrolls of vulnerability
Potions
 a - a potion of resistance {unknown}
 b - a potion of magic {unknown}
 d - 3 potions of brilliance
 e - 3 potions of curing
 f - 4 potions of haste
 k - 7 potions of enlightenment
 l - a potion of mutation {unknown}
 r - 5 potions of attraction
 u - a potion of might {unknown}
 v - a potion of cancellation {unknown}
 L - 3 potions of lignification {unknown}
 X - a potion of ambrosia {unknown}
Miscellaneous
 P - a sack of spiders


   Skills:
 + Level 11.8 Fighting
 + Level 4.9 Maces & Flails
 + Level 15.1 Polearms
 + Level 11.2 Throwing
 + Level 12.5 Armour
 + Level 8.7 Dodging
 + Level 3.2 Stealth
 + Level 4.2 Shields
 + Level 1.2 Evocations


You had 12 spell levels left.
You didn't know any spells.
Your spell library contained the following spells:

 Spells                   Type           Power      Damage    Failure   Level
 Ensorcelled Hibernation  Hex/Ice        0%         N/A       99%         2
 Jinxbite                 Hex            0%         N/A       99%         2
 Frozen Ramparts          Ice            0%         1d1       100%        3
 Anguish                  Hex/Necr       0%         N/A       100%        4
 Petrify                  Tmut/Erth      0%         N/A       100%        4
 Summon Ice Beast         Ice/Summ       0%         N/A       100%        4


Dungeon Overview and Level Annotations

Branches:
Dungeon (15/15)            Temple (0/1) D:5            Lair (0/5) D:11
    Orc (0/2) D:10         Vaults (0/5) D:14         Depths (1/4) D:15

Altars:
Dithmenos
Fedhas
Gozag
Makhleb
Okawaru
Sif Muna
Uskayaw
Wu Jian
Xom
Yredelemnul

Shops:
D:7 *   D:11 *   Depths:1 [

Portals:
Abyss: Depths:1
Trove: D:12 (give 9 potions of haste)

Annotations:
D:11 2 transporters, Sundig's ghost, journeyman HuFi


Innate Abilities, Weirdness & Mutations

You have a pair of horns on your head.
You reflexively headbutt those who attack you in melee.


Message History

The green ugly thing is almost dead.
The green ugly thing misses you. Something barely misses you.
You closely miss the green ugly thing.
The green ugly thing is almost dead.
You hit the green ugly thing but do no damage.
You headbutt the green ugly thing!
You kill the green ugly thing!
The green ugly thing's corpse dissolves into shadows!
You feel the effects of Trog's Hand fading.
Your troll rages.
Something hits you but does no damage.
The frost giant hits you with a +2 battleaxe of freezing!!
* * * LOW HITPOINT WARNING * * *
The frost giant freezes you.
* * * LOW HITPOINT WARNING * * *
The glowing orange brain pulsates.
The glowing orange brain radiates an aura of fear!
You resist with almost no effort.
Your troll resists with some effort.
You barely miss something. Something hits you!
* * * LOW HITPOINT WARNING * * *
You block the frost giant's attack.
Your troll bites something!
Your troll barely misses something.
Your troll closely misses something.
You puncture something! You burn something. Your headbutt misses something.
You puncture something! You burn something.
Reactivating autopickup.
The frost giant barely misses you.
The frost giant hits your troll with a +2 battleaxe of freezing.
The frost giant freezes your troll.
The glowing orange brain pulsates.
Something gnaws on your mind!
* * * LOW HITPOINT WARNING * * *
You feel your power leaking away.
Your troll bites the frost giant.
Your troll claws the frost giant! x2
You see here a ring of resist corrosion.
Your troll bites the frost giant.
Your troll claws the frost giant.
Your troll claws the frost giant!
The frost giant points at you and mumbles some strange words.
The bolt of cold hits you! You resist.
You die...

... ... .. # .?. .#
#.. #.## #..
##....# #
##.#####...?..#
###.#.^..@=.C.....#
#....∩..###TG.....#
....##..# ##≈≈≈#.##
... #..# ≈≈≈≈# .
##.# ~∩~≈.# #.##
≈.~≈.# ##..#
~.~...# #...#
......#
#######...##...


You could see a frost giant (ally target), a glowing orange brain and a friendly
troll (summoned, berserk).

Vanquished Creatures
  Louise (D:15)
  Nessos (D:13)
  A great orb of eyes (D:15)
  A rakshasa (D:13)
  3 hydras
  3 boulder beetles
  4 vault guards (D:14)
  2 centaur warriors
  4 two-headed ogres
  5 tengu warriors
  Sonja (D:11)
  3 deep elf pyromancers
  6 ugly things
  2 manticores
  2 cyclopes
  9 centaur zombies (D:10)
  An eye of devastation (shapeshifter) (D:15)
  A gargoyle (D:12)
  A komodo dragon (D:11)
  2 efreet (D:14)
  2 freezing wraiths (D:14)
  An unseen horror zombie (D:10)
  5 kobold demonologists
  2 tengu conjurers (D:15)
  3 meliai (D:15)
  2 trolls
  4 slime creatures (D:15)
  Sigmund (D:4)
  2 wraiths
  2 shadows
  8 humans (D:14)
  A vampire (D:11)
  3 wyverns
  Eustachio (D:5)
  A basilisk (D:11)
  2 steam dragons
  16 yaks
  A steam dragon (shapeshifter) (D:15)
  2 acid dragons (D:13)
  2 hell hounds (D:14)
  Duvessa (D:7)
  3 water moccasins (D:11)
  An ice beast (D:5)
  2 black bears
  An orc warrior (D:10)
  2 ogres
  2 centaurs
  Blork the orc (D:5)
  6 kobold brigands
  5 bullfrogs
  3 scorpions
  A hornet simulacrum (D:12)
  3 wights (D:8)
  Dowan (D:7)
  5 killer bees (D:9)
  5 howler monkeys
  5 jellies
  13 orc priests
  2 hounds (D:5)
  Terence (D:2)
  3 iguanas
  Natasha (thrice) (D:2)
  12 orc wizards
  6 adders
  3 gnolls
  2 shadow imps (D:8)
  A white imp (D:8)
  2 ufetubi (D:7)
  A worm (D:2)
  A dart slug (D:5)
  65 orcs
  9 endoplasms
  2 giant cockroaches (D:2)
  5 hobgoblins
  5 jackals
  15 kobolds
  3 quokkas
  13 ball pythons
  4 bats
  5 frilled lizards
  4 goblins
  5 rats
346 creatures vanquished.

Notes
Turn   | Place    | Note
-------+----------+-------------------------------------------
     0 | D:1      | Curundu the Minotaur Berserker began the quest for the Orb.
     0 | D:1      | Reached XP level 1. HP: 19/19 MP: 0/0
    70 | D:1      | Reached XP level 2. HP: 3/27 MP: 1/1
    81 | D:1      | Reached skill level 4 in Polearms
   299 | D:1      | Reached ** piety under Trog
   373 | D:1      | Reached XP level 3. HP: 33/33 MP: 2/2
   698 | D:2      | Noticed Natasha
   706 | D:2      | HP: 1/33 [Natasha (8)]
   709 | D:2      | Killed Natasha
   875 | D:2      | Noticed Natasha
   891 | D:2      | Killed Natasha
   892 | D:2      | Reached skill level 5 in Polearms
   892 | D:2      | Reached XP level 4. HP: 37/41 MP: 3/3
   939 | D:2      | Noticed Terence
   955 | D:2      | Killed Terence
  1088 | D:2      | Reached XP level 5. HP: 45/47 MP: 4/4
  1161 | D:2      | Noticed Natasha
  1167 | D:2      | Killed Natasha
  1715 | D:3      | Reached skill level 1 in Maces & Flails
  1715 | D:3      | Reached skill level 1 in Throwing
  1720 | D:3      | Reached skill level 5 in Fighting
  1822 | D:3      | Reached *** piety under Trog
  1935 | D:3      | Found a burning altar of Makhleb.
  1949 | D:3      | Found an opulent altar of Gozag.
  2094 | D:3      | Reached XP level 6. HP: 56/56 MP: 5/5
  2363 | D:4      | Identified the +0 robe "Xesupem" {Will- Int+5 Slay+2
                  | Stlth+}
  2455 | D:4      | Identified the +8 trident of the Philosopher {flame, Str+2
                  | Dex+2}
  2663 | D:4      | Noticed Sigmund
  2704 | D:4      | Killed Sigmund
  2705 | D:4      | Reached XP level 7. HP: 41/61 MP: 6/6
  2950 | D:5      | Entered Level 5 of the Dungeon
  3312 | D:5      | Reached skill level 6 in Polearms
  3361 | D:5      | Found a staircase to the Ecumenical Temple.
  3484 | D:5      | Noticed Eustachio
  3503 | D:5      | Killed Eustachio
  3504 | D:5      | Reached skill level 5 in Armour
  3504 | D:5      | Reached skill level 1 in Stealth
  3504 | D:5      | Reached XP level 8. HP: 57/69 MP: 7/7
  3634 | D:5      | Found a blossoming altar of Fedhas.
  3639 | D:5      | Noticed Blork the orc
  3675 | D:5      | Killed Blork the orc
  3675 | D:5      | Reached **** piety under Trog
  3965 | D:5      | Noticed a +0 dagger
  3966 | D:5      | Noticed a +0 falchion
  3966 | D:5      | Noticed a +0 short sword
  3967 | D:5      | Noticed a +0 dagger
  3967 | D:5      | Noticed a +0 spear
  3967 | D:5      | Noticed a +0 short sword
  3968 | D:5      | Noticed a +0 spear
  3969 | D:5      | Noticed a +0 falchion
  3970 | D:5      | Found a hide-covered altar of Uskayaw.
  4038 | D:5      | Reached skill level 7 in Polearms
  4936 | D:7      | Noticed Dowan
  4937 | D:7      | Noticed Duvessa
  4943 | D:7      | Killed Dowan
  4950 | D:7      | Killed Duvessa
  5050 | D:7      | Reached XP level 9. HP: 75/75 MP: 8/8
  5076 | D:7      | Reached skill level 8 in Polearms
  5833 | D:7      | Found Eziopyle's General Store.
  6422 | D:8      | Reached skill level 5 in Throwing
  6481 | D:8      | Found an ornate altar of the Wu Jian Council.
  6518 | D:8      | Found a shimmering blue altar of Sif Muna.
  6824 | D:8      | Found an iron altar of Okawaru.
  7090 | D:9      | Reached skill level 9 in Polearms
  7118 | D:9      | Found a shimmering altar of Xom.
  7175 | D:9      | Noticed a troll
  7180 | D:9      | Killed a troll
  7719 | D:10     | Entered Level 10 of the Dungeon
  7762 | D:10     | Reached XP level 10. HP: 77/86 MP: 9/9
  7803 | D:10     | Reached skill level 10 in Polearms
  7810 | D:10     | Reached skill level 5 in Dodging
  8033 | D:10     | Found a basalt altar of Yredelemnul.
  8047 | D:10     | Reached skill level 11 in Polearms
  8252 | D:10     | Reached XP level 11. HP: 87/95 MP: 10/10
  8364 | D:10     | Reached skill level 12 in Polearms
  8380 | D:10     | Reached ***** piety under Trog
  8384 | D:10     | Found a staircase to the Orcish Mines.
  8497 | D:10     | Received a gift from Trog
  8923 | D:11     | Reached skill level 10 in Armour
  9073 | D:11     | Found Queju's Assorted Antiques.
  9074 | D:11     | Noticed a two-headed ogre
  9081 | D:11     | Killed a two-headed ogre
  9212 | D:11     | Bought 3 scrolls of identify for 144 gold pieces
  9456 | D:11     | Noticed Sonja
  9468 | D:11     | Killed Sonja
  9684 | D:11     | Found a staircase to the Lair.
  9752 | D:11     | Reached skill level 13 in Polearms
  9994 | D:11     | Identified a scroll of acquirement
  9995 | D:11     | Acquired the +2 hat "Doqit" {rF+ Will++ Slay+2}
 10365 | D:11     | Found a transporter.
 10367 | D:11     | Found a transporter.
 10367 | D:11     | Noticed Sundig's ghost (journeyman HuFi)
 10367 | D:11     | Noticed a two-headed ogre
 10368 | D:11     | Identified the +1 great mace of Xaalazid {elec, +Blink
                  | Dex+2}
 10368 | D:11     | Noticed a two-headed ogre
 10369 | D:11     | Noticed a two-headed ogre
 10370 | D:11     | Noticed a two-headed ogre
 10376 | D:11     | Identified the +8 dagger "Vypufyni" {holy, rElec rF++}
 10656 | D:12     | Noticed a two-headed ogre
 10661 | D:12     | Killed a two-headed ogre
 10921 | D:12     | Noticed a two-headed ogre
 10928 | D:12     | Killed a two-headed ogre
 10929 | D:12     | Reached XP level 12. HP: 99/106 MP: 11/11
 10959 | D:12     | Found a portal to a secret trove of treasure.
 11569 | D:13     | Identified the +2 robe of Lust {MP-9 Dex+4 Archmagi}
 11627 | D:13     | Noticed a six-headed hydra
 11634 | D:13     | Killed a six-headed hydra
 11635 | D:13     | Reached skill level 10 in Fighting
 11682 | D:13     | Reached skill level 14 in Polearms
 11754 | D:13     | Noticed Nessos
 11772 | D:13     | Killed Nessos
 12037 | D:13     | Noticed a rakshasa
 12047 | D:13     | Killed a rakshasa
 12213 | D:13     | Noticed a tengu warrior
 12220 | D:13     | Killed a tengu warrior
 12933 | D:14     | Noticed a boulder beetle
 12942 | D:14     | Killed a boulder beetle
 13172 | D:14     | Noticed a vault guard
 13172 | D:14     | Noticed a vault guard
 13209 | D:14     | Killed a vault guard
 13213 | D:14     | Killed a vault guard
 13271 | D:14     | Noticed a vault guard
 13278 | D:14     | Killed a vault guard
 13284 | D:14     | Noticed a vault guard
 13311 | D:14     | Killed a vault guard
 13312 | D:14     | Reached skill level 10 in Throwing
 13424 | D:14     | Found a gate to the Vaults.
 13525 | D:14     | Noticed a boulder beetle
 13540 | D:14     | Killed a boulder beetle
 13575 | D:14     | Reached XP level 13. HP: 84/114 MP: 12/12
 14119 | D:14     | Got the Compendium of the Felsic Wendigo
 14251 | D:15     | Entered Level 15 of the Dungeon
 14271 | D:15     | Reached skill level 1 in Shields
 14273 | D:15     | HP: 2/116 [meliai/divine providence (13)]
 14539 | D:15     | Identified the +6 war axe "Qoqeime" {flame, rC+}
 14619 | D:15     | Reached skill level 15 in Polearms
 14619 | D:15     | Reached skill level 1 in Evocations
 14819 | D:15     | Noticed Louise
 14835 | D:15     | Killed Louise
 15289 | D:15     | Found a staircase to the Depths.
 15341 | D:15     | Found a shadowy altar of Dithmenos.
 15892 | Depths:1 | Entered Level 1 of the Depths
 15957 | Depths:1 | Found a one-way gate to the infinite horrors of the Abyss.
 15967 | Depths:1 | Noticed a green very ugly thing
 15967 | Depths:1 | Noticed a green very ugly thing
 15967 | Depths:1 | Noticed a green very ugly thing
 15967 | Depths:1 | Noticed a green very ugly thing
 15967 | Depths:1 | Noticed a stone giant
 15976 | Depths:1 | Noticed a frost giant
 16004 | Depths:1 | Found Uricum's Antique Armour Shoppe.
 16015 | Depths:1 | Killed from afar by a frost giant

Illustrated notes

Levels and vault maps discovered:
D:1:      lightli_arrival_maybe_door_vault, layout_rooms, st_stairs_3,
          kennysheep_minor_cross, nicolae_figureground_pulse
D:2:      layout_loops_ring, uniq_natasha, uniq_terence
D:3:      layout_basic, mainiacjoe_overflow_big_doors, minmay_snake_closets
D:4:      layout_rooms, serial_glass, glass_columns_b, glass_columns_a,
          feat_on_display, uniq_sigmund
D:5:      layout_basic, nicolae_uskayaw_en_pointe, mainiacjoe_overflow_catwalk,
          minmay_temple_entry_trees, uniq_eustachio, uniq_blork_the_orc
D:6:      layout_cave_pods
D:7:      layout_layer_cave, serial_shops, kennysheep_mini_moat,
          serial_park_tiny_1, uniq_duvessa
D:8:      layout_cave_pools, lemuel_tele_altar, jmf_multi_god_temple
D:9:      layout_roguey, amcnicky_altar_gilded, nicolae_the_louvre
D:10:     layout_roguey, nicolae_yredelemnul_corpse_copse, hiddenorc2_lemuel
D:11:     layout_layer_cave, minmay_lair_entry_grove, gammafunk_ghost_smash,
          serial_shops, nicolae_shop_overgrown_old_shop, uniq_sonja
D:12:     layout_stronghold, nicolae_trove_entry_free_sample
D:13:     layout_stronghold, gauntlet_entry_generic, uniq_nessos
D:14:     layout_long_grid, ximxim_vaults_locker_room,
          chequers_serial_rivers_micro_b, minmay_rotating_lava
D:15:     gammafunk_enter_depths_forms, layout_loops_cross,
          grunt_dithmenos_shadows, uniq_louise
Depths:1: layout_honeycomb, hangedman_geh_valley, abyss_entry, serial_shops,
          kennysheep_little_box, nicolae_shop_waterfront, shop,
          kennysheep_crisscross, guppyfry_shop_blood, uniq_asterion,
          uniq_saint_roka, uniq_nikola

Skill      XL: |  1  2  3  4  5  6  7  8  9 10 11 12 13 |
---------------+----------------------------------------+-----
Polearms       | 4 5 6 7 9 11 13 14 15 | 15.1
Fighting       | 4 5 6 7 8 9 10 11 | 11.8
Dodging        | 3 4 5 7 8 |  8.7
Maces & Flails | 1 3 4 |  4.9
Throwing       | 1 2 4 6 7 10 11 | 11.2
Armour         | 3 4 5 6 8 9 11 12 | 12.5
Stealth        | 1 2 3 |  3.2
Shields        | 4 |  4.2
Evocations     | 1 |  1.2

Action                     |  1- 3 |  4- 6 |  7- 9 | 10-12 | 13-15 || total
---------------------------+-------+-------+-------+-------+-------++-------
  Melee: Spear             |    79 |    14 |       |       |       ||    93
         Headbutt          |    13 |    18 |    18 |    73 |    44 ||   166
         Mace              |       |    95 |       |       |       ||    95
         Trident           |       |    16 |   149 |   346 |   157 ||   668
         Punch             |       |       |     1 |     3 |       ||     4
  Throw: Stone             |    13 |    24 |    28 |     3 |       ||    68
         Dart              |       |     9 |       |       |       ||     9
         Javelin           |       |       |    59 |     6 |       ||    65
         Boomerang         |       |       |     5 |    79 |    37 ||   121
         Throwing net      |       |       |       |     1 |       ||     1
 Invoke: Trog's Hand       |       |       |       |     2 |     3 ||     5
         Brothers in Arms  |       |       |       |       |     1 ||     1
  Evoke: Wand              |       |     4 |       |       |     4 ||     8
    Use: Scroll            |       |       |     8 |    12 |       ||    20
         Potion            |       |       |       |     1 |     2 ||     3
   Stab: Held in net/web   |       |       |       |     1 |       ||     1
         Distracted        |       |       |       |       |     1 ||     1
 Armour: Animal skin       |    33 |     6 |       |       |       ||    39
         Scale mail        |       |   102 |   118 |   258 |   107 ||   585
  Dodge: Dodged            |    48 |    75 |   125 |   243 |    78 ||   569
  Block: Kite shield       |       |       |       |     2 |    39 ||    41
         Tower shield      |       |       |       |       |    23 ||    23

Table legend: (Time is in decaauts)
 A = Elapsed time spent in this place.
 B = Non-inter-level travel time spent in this place.
 C = Inter-level travel time spent in this place.
 D = Time resting spent in this place.
 E = Time spent auto-exploring this place.
 F = Levels seen in this place.
 G = Mean time per level.
                   A        B        C        D        E       F      G
               +--------+--------+--------+--------+--------+-----+--------+
         Total |  15876 |  15876 |      0 |   1369 |  10609 |  16 |  992.2 |
       Dungeon |  15764 |  15764 |      0 |   1369 |  10546 |  15 | 1050.9 |
        Depths |    111 |    111 |      0 |      0 |     63 |   1 |  111.0 |
               +--------+--------+--------+--------+--------+-----+--------+

Top non-repeatable levels by time:
    D:11: 1728 daAuts
    D:15: 1604 daAuts
     D:7: 1421 daAuts
    D:13: 1351 daAuts
    D:14: 1294 daAuts
     D:5: 1212 daAuts
    D:10: 1136 daAuts
    D:12: 902 daAuts
     D:2: 837 daAuts
     D:3: 836 daAuts
     D:6: 755 daAuts
     D:8: 720 daAuts
     D:1: 692 daAuts
     D:9: 663 daAuts
     D:4: 607 daAuts
